[Event "fics rated crazyhouse match"]
[Site "fics, Oklahoma City, OK USA"]
[Date "2001.01.15"]
[White "JiggaB"]
[WhiteElo "2284"]
[Black "pminear"]
[BlackElo "2448"]
[TimeControl "60+0"]
[Result "1-0"]

1. e4 e5 2. Nc3 Nc6 3. Nf3 Bc5 4. Bb5 Nf6 5. Bxc6 dxc6 6. Nxe5 
Bxf2+ 7. Kxf2 Qd4+ 8. B@e3 Qxe5 9. P@f3 P@d4 10. Bxd4 Qxd4+ 11. P@e3 Qd6 
12. d4 N@g4+ 13. Kf1 Nxh2+ 14. Ke2 B@a6+ 15. N@d3 Bxd3+ 16. cxd3 N@g3+ 17. Kd2 
Nxh1 18. Qxh1 P@f4 19. exf4 B@f2 20. Qxh2 Qxd4 21. N@c2 P@e3+ 22. Ke2 Qxc3 
23. bxc3 N@g3+ 24. Qxg3 Bxg3 25. Bxe3 Q@h2 26. Q@e5+ R@e6 27. Qxe6+ Bxe6 28. R@g1 
Q@b2 29. B@d2 Qxc2 30. N@d4 Qb2 31. N@a4 Qa3 32. Nxe6 fxe6 33. P@f7+ Kxf7 
34. B@h3 P@g4 35. fxg4 Bh4 36. P@f2 N@g3+ 37. fxg3 Qxg3 38. N@e5+ Ke7 39. P@f2 
Kd8 40. Nxc6+ bxc6 41. P@e7+ Kc8 42. fxg3 Kb7 43. Q@a6+ Kxa6 44. Nc5+ Kb5 
45. Rgb1# 
{pminear forfeits on time} 1-0

[Event "fics rated crazyhouse match"]
[Site "fics, Oklahoma City, OK USA"]
[Date "2001.01.15"]
[White "RFrancisco"]
[WhiteElo "2422"]
[Black "pminear"]
[BlackElo "2493"]
[TimeControl "60+0"]
[Result "1-0"]

1. e4 e5 2. Nf3 Nc6 3. Bc4 Bc5 4. O-O Nf6 5. b4 Bxb4 6. c3 
Bc5 7. d4 Bd6 8. dxe5 Nxe5 9. Nxe5 Bxe5 10. f4 Nxe4 11. fxe5 P@f2+ 
12. Rxf2 Nxf2 13. Bxf7+ Kxf7 14. Qf3+ P@f6 15. Qxf2 B@e6 16. N@g5+ Kf8 17. P@h6 
R@f5 18. hxg7+ Kxg7 19. N@h5+ Kg8 20. P@g7 N@e8 21. gxh8=Q+ Kxh8 22. R@f8+ Bg8 
23. Rxe8 Rxg5 24. Rxd8 Rxh5 25. P@g7+ Kxg7 26. Qxf6# 
{pminear checkmated} 1-0

[Event "fics rated crazyhouse match"]
[Site "fics, Oklahoma City, OK USA"]
[Date "2001.01.15"]
[White "pminear"]
[WhiteElo "2483"]
[Black "RFrancisco"]
[BlackElo "2432"]
[TimeControl "60+0"]
[Result "0-1"]

1. e4 Nf6 2. Nc3 d5 3. exd5 Nxd5 4. d4 Nxc3 5. bxc3 e5 6. Nf3 
Nc6 7. d5 Bc5 8. N@e4 Bb6 9. dxc6 Qxd1+ 10. Kxd1 bxc6 11. N@f6+ gxf6 
12. Nxf6+ Ke7 13. Bg5 N@b2+ 14. Ke1 Bxf2+ 15. Kxf2 P@e3+ 16. Bxe3 N@d1+ 17. Kg1 
Nxe3 18. B@c5+ P@d6 19. Bxe3 P@f4 20. N@d5+ cxd5 21. Nxd5+ Ke6 22. Q@f6+ Kxd5 
23. P@c4+ Nxc4 24. Bxc4+ Kxc4 25. Nd2+ Kxc3 26. N@a4+ Kb4 27. Rb1+ Kxa4 28. P@b3+ 
Ka3 29. Nc4+ Kxa2 30. Rb2+ Ka1 31. Qh4 Q@d1# 
{pminear forfeits on time} 0-1

[Event "fics rated crazyhouse match"]
[Site "fics, Oklahoma City, OK USA"]
[Date "2001.01.15"]
[White "RFrancisco"]
[WhiteElo "2441"]
[Black "pminear"]
[BlackElo "2474"]
[TimeControl "60+0"]
[Result "1-0"]

1. e4 e5 2. Nf3 Nc6 3. Bc4 Bc5 4. O-O Nf6 5. b4 Bxb4 6. c3 
Be7 7. d4 exd4 8. cxd4 Nxe4 9. d5 Nb8 10. Bb2 P@f6 11. Re1 Nd6 
12. Bd3 P@e4 13. Bxe4 Nxe4 14. Rxe4 B@g6 15. Re1 P@e4 16. P@h6 exf3 17. hxg7 
Rg8 18. Qxf3 N@g5 19. Qg3 d6 20. Bxf6 Ne4 21. Bxe7 Qxe7 22. B@f8 Rxf8 
23. gxf8=Q+ Qxf8 24. N@f6+ Kd8 25. Nxe4 Bxe4 26. P@g7 Qe8 27. R@f8 Bd7 28. P@e7+ 
Kxe7 29. Rxe4+ P@e5 30. N@g8+ Kd8 31. P@e7# 
{pminear resigns} 1-0

[Event "fics rated crazyhouse match"]
[Site "fics, Oklahoma City, OK USA"]
[Date "2001.01.15"]
[White "pminear"]
[WhiteElo "2465"]
[Black "RFrancisco"]
[BlackElo "2450"]
[TimeControl "60+0"]
[Result "1-0"]

1. e4 Nf6 2. Nc3 d5 3. exd5 Nxd5 4. d4 Nxc3 5. bxc3 e5 6. Nf3 
exd4 7. Nxd4 P@e5 8. Qe2 P@f6 9. N@h5 N@e6 10. Nf5 Rg8 11. Be3 Nc6 
12. Rd1 Bd7 13. P@d5 g6 14. dxe6 fxe6 15. P@f7+ Kxf7 16. N@h6+ Ke8 17. Nxg8 
exf5 18. Nhxf6+ Kf7 19. Rxd7+ Qxd7 20. Nxd7 R@d6 21. B@c4+ P@d5 22. Nh6+ Bxh6 
23. Bxh6 N@e6 24. Q@f6# 
{RFrancisco resigns} 1-0

[Event "fics rated crazyhouse match"]
[Site "fics, Oklahoma City, OK USA"]
[Date "2001.01.15"]
[White "RFrancisco"]
[WhiteElo "2442"]
[Black "pminear"]
[BlackElo "2473"]
[TimeControl "60+0"]
[Result "0-1"]

1. e4 e5 2. Nf3 Nc6 3. Bc4 Bc5 4. O-O Nf6 5. b4 Bxb4 6. c3 
Be7 7. d4 d6 8. d5 Nb8 9. Ng5 O-O 10. Nxf7 Rxf7 11. P@e6 Rf8 
12. f4 exf4 13. Bxf4 P@e5 14. P@h6 exf4 15. hxg7 Kxg7 16. Rxf4 B@e3+ 17. Kh1 
Bxf4 
{RFrancisco resigns} 0-1

[Event "fics rated crazyhouse match"]
[Site "fics, Oklahoma City, OK USA"]
[Date "2001.01.15"]
[White "pminear"]
[WhiteElo "2480"]
[Black "RFrancisco"]
[BlackElo "2435"]
[TimeControl "60+0"]
[Result "0-1"]

1. e4 Nf6 2. e5 d5 3. exf6 exf6 4. d4 Nc6 5. Ne2 Qe7 6. Be3 
Bg4 7. f3 Qxe3 8. N@d3 B@h4+ 9. g3 Bxf3 10. gxh4 Bxh1 11. B@f2 Qe7 
12. Nc3 P@f3 13. Nxd5 fxe2 14. Bxe2 N@f3# 
{pminear resigns} 0-1

[Event "fics rated crazyhouse match"]
[Site "fics, Oklahoma City, OK USA"]
[Date "2001.01.15"]
[White "RFrancisco"]
[WhiteElo "2444"]
[Black "pminear"]
[BlackElo "2471"]
[TimeControl "60+0"]
[Result "0-1"]

1. e4 e5 2. Nf3 Nc6 3. Bc4 Bc5 4. O-O Nf6 5. b4 Bxb4 6. c3 
Be7 7. d4 d6 8. dxe5 dxe5 9. Bxf7+ Kxf7 10. Ng5+ Ke8 11. P@f7+ Kf8 
12. Qxd8+ Nxd8 13. Nxh7+ Rxh7 14. P@g6 P@e2 15. Q@g8+ Nxg8 16. fxg8=Q+ Kxg8 17. gxh7+ 
Kxh7 18. P@g6+ Kxg6 19. Re1 Q@f1# 
{RFrancisco resigns} 0-1

[Event "fics rated crazyhouse match"]
[Site "fics, Oklahoma City, OK USA"]
[Date "2001.01.15"]
[White "pminear"]
[WhiteElo "2478"]
[Black "RFrancisco"]
[BlackElo "2437"]
[TimeControl "60+0"]
[Result "0-1"]

1. e4 Nf6 2. e5 d5 3. exf6 exf6 4. d4 Nc6 5. Nc3 Qe7+ 6. Be2 
P@h3 7. Nxd5 hxg2 8. Nxe7 gxh1=Q 9. Nxc6 Qxg1+ 10. N@f1 bxc6 11. Be3 N@e4 
12. N@f4 P@h3 13. Qd3 N@g2+ 14. Nxg2 hxg2 15. O-O-O gxf1=Q 16. Qxe4+ R@e6 17. P@b7 
Qxd1+ 18. Bxd1 N@e2+ 19. Kd2 N@f1+ 20. Kxe2 Rxe4 21. bxc8=Q+ Rxc8 22. P@d7+ Ke7 
23. dxc8=N+ Ke6 24. N@f4+ Kf5 25. N@d8 Qg4+ 26. Kd3 Q@d2+ 27. Kc4 R@c3# 
{pminear forfeits on time} 0-1

[Event "fics rated crazyhouse match"]
[Site "fics, Oklahoma City, OK USA"]
[Date "2001.01.15"]
[White "RFrancisco"]
[WhiteElo "2446"]
[Black "pminear"]
[BlackElo "2469"]
[TimeControl "60+0"]
[Result "1-0"]

1. e4 e5 2. Nf3 Nc6 3. Bc4 Bc5 4. O-O Nf6 5. c3 Nxe4 6. d4 
d5 7. Bb5 exd4 8. cxd4 Be7 9. Ne5 Bd7 10. Bxc6 bxc6 11. Nxf7 Kxf7 
12. N@e5+ Kf8 13. Qf3+ P@f6 14. P@h6 Rg8 15. hxg7+ Rxg7 16. Bh6 N@h4 17. Bxg7+ 
Kxg7 18. P@h6+ Kf8 19. P@g7+ Ke8 20. Qh5+ B@g6 21. Qxg6# 
{pminear resigns} 1-0

[Event "fics rated crazyhouse match"]
[Site "fics, Oklahoma City, OK USA"]
[Date "2001.01.15"]
[White "pminear"]
[WhiteElo "2460"]
[Black "RFrancisco"]
[BlackElo "2455"]
[TimeControl "60+0"]
[Result "1-0"]

1. e4 Nf6 2. e5 d5 3. exf6 exf6 4. d4 Nc6 5. Nc3 P@b4 6. Nb5 
Qe7+ 7. Qe2 Be6 8. N@f5 Bxf5 9. Nxc7+ Kd7 10. Nxa8 N@b5 11. Qxe7+ Bxe7 
12. Bxb5 Rxa8 13. P@a6 Q@e4+ 14. N@e3 N@f4 15. axb7 Nxg2+ 16. Kd1 Nxe3+ 17. Bxe3 
Qxc2+ 18. Ke1 P@g2 19. bxa8=Q N@f3+ 20. Nxf3 gxh1=Q+ 21. N@f1 Qxf1+ 22. Bxf1 N@g2+ 
23. Bxg2 R@e2+ 24. Kf1 Rxf2+ 25. Bxf2 Bd3+ 26. Kg1 Qxf2+ 27. Kxf2 P@e3+ 28. Kxe3 
{RFrancisco forfeits on time} 1-0

[Event "fics rated crazyhouse match"]
[Site "fics, Oklahoma City, OK USA"]
[Date "2001.01.15"]
[White "RFrancisco"]
[WhiteElo "2447"]
[Black "pminear"]
[BlackElo "2468"]
[TimeControl "60+0"]
[Result "0-1"]

1. e4 e5 2. Bc4 Nc6 3. c3 Nf6 4. d3 d5 5. exd5 Nxd5 6. P@e4 
Nf6 7. Nf3 Bc5 8. O-O O-O 9. Bg5 P@h3 10. gxh3 Bxh3 11. Nbd2 Bxf1 
12. Qxf1 R@g4+ 13. P@g3 P@f4 14. B@f5 fxg3 15. Bxg4 gxf2+ 16. Kh1 P@e2 17. Qxe2 
Nxg4 18. Bxd8 B@h3 19. R@g3 P@g2+ 20. Rxg2 Bxg2+ 21. Kxg2 R@g1+ 22. Nxg1 fxg1=Q+ 
23. Rxg1 N@f4+ 24. Kf1 Nxe2 25. Rxg4 Q@f2# 
{RFrancisco checkmated} 0-1

[Event "fics rated crazyhouse match"]
[Site "fics, Oklahoma City, OK USA"]
[Date "2001.01.15"]
[White "pminear"]
[WhiteElo "2476"]
[Black "RFrancisco"]
[BlackElo "2439"]
[TimeControl "60+0"]
[Result "0-1"]

1. e4 Nf6 2. e5 d5 3. exf6 exf6 4. d4 Nc6 5. Nc3 Bb4 6. Qe2+ 
P@e4 7. N@h5 Rg8 8. a3 Nxd4 9. axb4 Nxe2 10. Bxe2 P@h3 11. B@f1 hxg2 
12. Bxg2 P@h3 13. Nxh3 Bxh3 14. Bxh3 Qe7 15. Nxd5 N@f3+ 16. Kd1 Q@d4+ 17. P@d3 
Qxd5 18. N@f5 exd3 19. cxd3 P@c2+ 20. Kxc2 Qxe2+ 21. Kb1 Qdxd3+ 22. Ka2 B@b3+ 
23. Ka3 N@b5# 
{pminear checkmated} 0-1

[Event "fics rated crazyhouse match"]
[Site "fics, Oklahoma City, OK USA"]
[Date "2001.01.15"]
[White "RFrancisco"]
[WhiteElo "2448"]
[Black "pminear"]
[BlackElo "2467"]
[TimeControl "60+0"]
[Result "0-1"]

1. d4 Nf6 2. Nf3 e6 3. Bg5 Be7 4. Nbd2 d5 5. e3 Nc6 6. Be2 
O-O 7. O-O Bd7 8. Rc1 Ne4 9. Bxe7 Qxe7 10. c4 Nxd2 11. Nxd2 f5 
12. cxd5 exd5 13. P@f4 B@e6 14. N@e5 Nxe5 15. dxe5 N@e4 16. Rxc7 P@h3 17. Nxe4 
hxg2 18. Kxg2 N@h4+ 19. Kh3 P@g4+ 20. Kg3 fxe4 21. h3 Nf3 22. Bxf3 exf3 
23. B@g5 N@e4+ 24. Kh2 Nxg5 25. fxg5 Qxg5 26. P@g3 P@e2 27. Qd3 exf1=Q 28. N@e1 
{RFrancisco resigns} 0-1

[Event "fics rated crazyhouse match"]
[Site "fics, Oklahoma City, OK USA"]
[Date "2001.01.15"]
[White "pminear"]
[WhiteElo "2475"]
[Black "RFrancisco"]
[BlackElo "2440"]
[TimeControl "60+0"]
[Result "1-0"]

1. e4 Nf6 2. e5 d5 3. exf6 exf6 4. Nc3 Nc6 5. d4 Bb4 6. Ne2 
Qe7 7. Be3 Bg4 8. a3 Bxc3+ 9. bxc3 P@f3 10. gxf3 Bxf3 11. Rg1 N@c4 
12. B@c1 Nxe3 13. Bxe3 B@b2 14. N@f5 Bxc3+ 15. Nxc3 Bxd1 16. Nxe7 Nxe7 17. P@d7+ 
Kf8 18. B@e2 Bxc2 19. Bh6 N@f5 20. Rxg7 P@d2+ 21. Kxd2 P@e3+ 22. fxe3 Nxg7 
23. Bxg7+ Kxg7 24. N@h5+ Kh6 25. Q@g7# 
{RFrancisco checkmated} 1-0

[Event "fics rated crazyhouse match"]
[Site "fics, Oklahoma City, OK USA"]
[Date "2001.01.15"]
[White "RFrancisco"]
[WhiteElo "2433"]
[Black "pminear"]
[BlackElo "2482"]
[TimeControl "60+0"]
[Result "1-0"]

1. d4 Nf6 2. g3 e6 3. Bg2 d5 4. Nf3 Nc6 5. O-O Bd7 6. h3 
Be7 7. Nc3 Ne4 8. Bf4 O-O 9. Kh2 f5 10. Ne5 Nxe5 11. dxe5 Bg5 
12. Nxe4 fxe4 13. Bxg5 Qxg5 14. B@h4 Qh6 15. N@g4 Qg6 16. N@e7+ Kh8 17. Nxg6+ 
hxg6 18. Bxe4 dxe4 19. Qxd7 N@f7 20. P@f6 N@f5 21. fxg7+ Kxg7 22. B@f6+ Kh7 
23. Qxe6 N@d4 24. Qxf7+ Rxf7 25. N@g5+ Kg8 26. Q@h8# 
{pminear checkmated} 1-0

[Event "fics rated crazyhouse match"]
[Site "fics, Oklahoma City, OK USA"]
[Date "2001.01.15"]
[White "pminear"]
[WhiteElo "2473"]
[Black "RFrancisco"]
[BlackElo "2442"]
[TimeControl "60+0"]
[Result "1-0"]

1. e4 Nf6 2. e5 d5 3. exf6 exf6 4. d4 Nc6 5. Nc3 Bb4 6. a3 
Qe7+ 7. Qe2 Nxd4 8. axb4 Nxe2 9. Bxe2 P@c6 10. N@h5 Rg8 11. B@c5 P@d6 
12. B5e3 d4 13. Bxd4 Bg4 14. Bce3 Bxh5 15. Bxh5 N@f4 16. Bf3 Ne6 17. Nge2 
Nxd4 18. Nxd4 B@e5 19. N@f5 Bxd4 20. Nxd4 N@e6 21. Nf5 Qd7 22. P@h6 gxh6 
23. Bxh6 P@g6 24. N@e4 gxf5 25. Nxf6+ Ke7 26. Nxd7 Kxd7 27. P@d5 N@e5 28. dxe6+ 
fxe6 29. N@f6+ Ke7 30. Nxg8+ Rxg8 31. B@f6+ Kf7 32. Q@e7+ Kg6 33. P@h5+ Kxh6 
34. B@g5+ Rxg5 35. Bxg5# 
{RFrancisco checkmated} 1-0

[Event "fics rated crazyhouse match"]
[Site "fics, Oklahoma City, OK USA"]
[Date "2001.01.15"]
[White "RFrancisco"]
[WhiteElo "2435"]
[Black "pminear"]
[BlackElo "2480"]
[TimeControl "60+0"]
[Result "0-1"]

1. e4 e5 2. Nf3 Nc6 3. Bb5 Bc5 4. O-O d6 5. c3 Bd7 6. d4 
exd4 7. cxd4 Nxd4 8. Nxd4 Bxd4 9. Bxd7+ Qxd7 10. Qxd4 N@e2+ 11. Kh1 Nxd4 
12. Nc3 P@f3 
{RFrancisco resigns} 0-1

[Event "fics rated crazyhouse match"]
[Site "fics, Oklahoma City, OK USA"]
[Date "2001.01.15"]
[White "pminear"]
[WhiteElo "2487"]
[Black "RFrancisco"]
[BlackElo "2428"]
[TimeControl "60+0"]
[Result "0-1"]

1. e4 d5 2. exd5 Nf6 3. Bb5+ c6 4. dxc6 Nxc6 5. d4 e5 6. P@e3 
exd4 7. exd4 P@h3 8. Qe2+ P@e4 9. Nxh3 Bxh3 10. gxh3 N@f3+ 11. Kd1 Nxd4 
12. Bxc6+ bxc6 13. Qd2 P@e2+ 14. Ke1 Nf3+ 15. Kxe2 Nxd2 16. Nxd2 B@f3+ 17. Nxf3 
exf3+ 18. Kxf3 Qd5+ 19. Ke2 Q@f3# 
{pminear resigns} 0-1

[Event "fics rated crazyhouse match"]
[Site "fics, Oklahoma City, OK USA"]
[Date "2001.01.15"]
[White "RFrancisco"]
[WhiteElo "2437"]
[Black "pminear"]
[BlackElo "2478"]
[TimeControl "60+0"]
[Result "0-1"]

1. e4 e5 2. Nf3 Nc6 3. Bc4 Bc5 4. O-O Nf6 5. d3 d6 6. Bg5 
O-O 7. Nc3 Bg4 8. h3 Bxf3 9. Qxf3 Nd4 10. Qxf6 gxf6 11. N@h6+ Kh8 
12. Nd5 N@f3# 
{RFrancisco resigns} 0-1

[Event "fics rated crazyhouse match"]
[Site "fics, Oklahoma City, OK USA"]
[Date "2001.01.15"]
[White "pminear"]
[WhiteElo "2485"]
[Black "RFrancisco"]
[BlackElo "2430"]
[TimeControl "60+0"]
[Result "1-0"]

1. e4 d5 2. exd5 Nf6 3. Bb5+ c6 4. dxc6 Nxc6 5. d4 e5 6. Nf3 
e4 7. Ne5 Bd6 8. Nxc6 bxc6 9. Bxc6+ Bd7 10. Bxd7+ Qxd7 11. P@e5 N@h4 
12. B@h3 Qxh3 13. gxh3 B@f3 14. exd6 Ng2+ 15. Kd2 e3+ 16. Kc3 Ne4+ 17. Kb3 
B@e6+ 18. d5 O-O 19. P@h6 Bxd1 20. N@e7+ Kh8 21. hxg7+ Kxg7 22. P@f6+ Nxf6 
23. Q@g5+ Q@g6 24. B@h6# 
{RFrancisco resigns} 1-0

[Event "fics rated crazyhouse match"]
[Site "fics, Oklahoma City, OK USA"]
[Date "2001.01.15"]
[White "RFrancisco"]
[WhiteElo "2423"]
[Black "pminear"]
[BlackElo "2492"]
[TimeControl "60+0"]
[Result "1-0"]

1. d4 Nf6 2. c4 d5 3. Nc3 Bf5 4. cxd5 Nxd5 5. Nxd5 Qxd5 6. N@c3 
N@c2+ 7. Qxc2 Bxc2 8. N@e3 Qxd4 9. Nxc2 Qd8 10. e4 e5 11. Bc4 P@b4 
12. Nf3 bxc3 13. O-O P@e6 14. bxc3 Nc6 15. B@a4 Bd6 16. P@a6 Qd7 17. axb7 
Rd8 18. P@d5 exd5 19. Bxd5 O-O 20. Baxc6 Qg4 21. N@e3 Qg6 22. P@f5 N@h3+ 
23. Kh1 Qh5 24. gxh3 Qxf3+ 25. P@g2 P@e2 26. Ba3 exf1=Q+ 27. Rxf1 Qxg2+ 28. Nxg2 
P@f3 29. N@h6+ gxh6 30. Q@g3+ R@g7 31. Qxf3 
{pminear forfeits on time} 1-0

[Event "fics rated crazyhouse match"]
[Site "fics, Oklahoma City, OK USA"]
[Date "2001.01.15"]
[White "pminear"]
[WhiteElo "2482"]
[Black "RFrancisco"]
[BlackElo "2433"]
[TimeControl "60+0"]
[Result "1-0"]

1. e4 d5 2. exd5 Nf6 3. Bb5+ c6 4. dxc6 Nxc6 5. d4 e5 6. Nf3 
Bg4 7. Be3 e4 8. P@e2 exf3 9. exf3 Bd7 10. d5 Ne5 11. Bxd7+ Qxd7 
12. Nc3 B@c4 13. P@e6 fxe6 14. dxe6 Bxe6 15. Qxd7+ Bxd7 16. Rd1 N@h4 17. Q@g3 
Nhg6 18. P@g5 P@h4 19. gxf6 hxg3 20. N@c7+ Kd8 21. Nxa8 gxf2+ 22. Bxf2 Q@c6 
23. P@c7+ Qxc7 24. Nxc7 Nxf3+ 25. gxf3 Q@e5+ 26. R@e3 Qxc7 27. Q@e8# 
{RFrancisco checkmated} 1-0

[Event "fics rated crazyhouse match"]
[Site "fics, Oklahoma City, OK USA"]
[Date "2001.01.15"]
[White "RFrancisco"]
[WhiteElo "2426"]
[Black "pminear"]
[BlackElo "2489"]
[TimeControl "60+0"]
[Result "0-1"]

1. d4 Nf6 2. Nf3 e6 3. g3 d5 4. Bg2 Bb4+ 5. c3 Be7 6. O-O 
Ne4 7. h3 f5 8. Nbd2 O-O 9. Nxe4 fxe4 10. Ne5 Nc6 11. Kh2 Nxe5 
12. dxe5 Bd7 13. N@h4 Be8 14. N@h5 Bxh5 
{RFrancisco resigns} 0-1

[Event "fics rated crazyhouse match"]
[Site "fics, Oklahoma City, OK USA"]
[Date "2001.01.15"]
[White "pminear"]
[WhiteElo "2496"]
[Black "RFrancisco"]
[BlackElo "2419"]
[TimeControl "60+0"]
[Result "1-0"]

1. e4 d5 2. exd5 Nf6 3. Bb5+ c6 4. dxc6 bxc6 5. Be2 e5 6. Nf3 
P@h3 7. Nxe5 hxg2 8. Rg1 Bc5 9. P@e3 P@h3 10. d4 Bd6 11. Nxf7 Kxf7 
12. P@e5 Bxe5 13. dxe5 Qxd1+ 14. Kxd1 Rd8+ 15. P@d6 P@f3 16. Q@e7+ Kg8 17. P@f7+ 
Kh8 18. Qxd8# 
{RFrancisco resigns} 1-0

[Event "fics rated crazyhouse match"]
[Site "fics, Oklahoma City, OK USA"]
[Date "2001.01.15"]
[White "RFrancisco"]
[WhiteElo "2413"]
[Black "pminear"]
[BlackElo "2502"]
[TimeControl "60+0"]
[Result "0-1"]

1. e4 e5 2. Nf3 Nc6 3. d4 exd4 4. Bc4 Nf6 5. e5 d5 6. exf6 
dxc4 7. fxg7 Bxg7 8. O-O P@h3 9. Re1+ Be6 10. gxh3 P@e3 11. P@g2 exf2+ 
12. Kxf2 B@e3+ 13. Kg3 P@f4# 
{RFrancisco checkmated} 0-1

[Event "fics rated crazyhouse match"]
[Site "fics, Oklahoma City, OK USA"]
[Date "2001.01.15"]
[White "pminear"]
[WhiteElo "2508"]
[Black "RFrancisco"]
[BlackElo "2407"]
[TimeControl "60+0"]
[Result "1-0"]

1. e4 Nf6 2. e5 d5 3. exf6 exf6 4. d4 Nc6 5. Nc3 Bb4 6. Bb5 
Qe7+ 7. Qe2 P@h3 8. Nxh3 Bxh3 9. gxh3 N@f3+ 10. Kd1 Bxc3 11. bxc3 N@b2+ 
12. Bxb2 Qxe2+ 13. Kxe2 O-O 14. B@e3 Ncxd4+ 15. cxd4 P@e4 16. N@h6+ gxh6 17. N@e7+ 
Kh8 18. P@g7+ Kxg7 19. N@f5# 
{RFrancisco resigns} 1-0

[Event "fics rated crazyhouse match"]
[Site "fics, Oklahoma City, OK USA"]
[Date "2001.01.15"]
[White "RFrancisco"]
[WhiteElo "2401"]
[Black "pminear"]
[BlackElo "2514"]
[TimeControl "60+0"]
[Result "0-1"]

1. e4 e5 2. Nf3 Nc6 3. Bc4 Bc5 4. O-O Nf6 5. b4 Bxb4 6. c3 
Be7 7. d4 d6 8. Ng5 P@e6 9. d5 Na5 10. dxe6 Nxc4 11. exf7+ Kf8 
12. Qb3 B@e6 13. P@f5 Bxf5 14. exf5 Bxf5 15. Qxc4 P@d7 16. P@h6 gxh6 17. Qh4 
P@g7 18. N@g3 Nd5 19. Nxf5 Bxg5 20. Bxg5 hxg5 21. Qc4 B@e6 22. Nxg7 Kxg7 
23. Qxd5 Bxd5 24. N@f5+ Kf6 25. B@g7+ Kxf7 26. P@g6+ hxg6 27. B@h3 
{RFrancisco resigns} 0-1

[Event "fics rated crazyhouse match"]
[Site "fics, Oklahoma City, OK USA"]
[Date "2001.01.15"]
[White "RFrancisco"]
[WhiteElo "2391"]
[Black "pminear"]
[BlackElo "2525"]
[TimeControl "60+0"]
[Result "1-0"]

1. d4 Nf6 2. Nf3 e6 3. Bf4 d5 4. e3 Bb4+ 5. Nbd2 Bd6 6. Be2 
O-O 7. O-O Ne4 8. Nxe4 dxe4 9. Ne5 f6 10. Nc4 Bxf4 11. exf4 B@d5 
12. f3 exf3 13. Bxf3 Bxc4 14. P@d3 Qxd4+ 15. B@f2 P@e3 16. dxc4 exf2+ 17. Rxf2 
B@e3 18. Qxd4 Bxd4 19. B@g3 P@e3 20. Re2 N@f2 21. N@h1 Nxh1 22. Kxh1 N@f2+ 
23. Bxf2 exf2 24. N@h3 B@f5 25. P@e7 Re8 26. Q@d8 Q@f7 27. Qxe8+ Qxe8 28. R@d8 
Q@f7 29. Rxe8+ Qxe8 30. Q@d8 f1=Q+ 31. Rxf1 N@g3+ 32. hxg3 Bxh3 33. Qxe8# 
{pminear resigns} 1-0

[Event "fics rated crazyhouse match"]
[Site "fics, Oklahoma City, OK USA"]
[Date "2001.01.15"]
[White "pminear"]
[WhiteElo "2514"]
[Black "RFrancisco"]
[BlackElo "2402"]
[TimeControl "60+0"]
[Result "0-1"]

1. e4 e6 2. Nc3 Nc6 3. d4 Bb4 4. a3 Bxc3+ 5. bxc3 d5 6. e5 
Nge7 7. Nh3 Ng6 8. B@g5 Qd7 9. Bb5 N@e4 10. Bxc6 bxc6 11. N@h5 Rg8 
12. Qf3 Ba6 13. Qxe4 dxe4 14. N@f6+ Ke7 15. Nxg8+ Kf8 16. R@e3 Kxg8 17. Nxg7 
N@g4 18. Nh5 Nxe3 19. Nf6+ Kh8 20. P@g7+ Kxg7 21. Bh6+ Kh8 22. Ng1 Q@d1# 
{pminear checkmated} 0-1

[Event "fics rated crazyhouse match"]
[Site "fics, Oklahoma City, OK USA"]
[Date "2001.01.15"]
[White "RFrancisco"]
[WhiteElo "2412"]
[Black "pminear"]
[BlackElo "2504"]
[TimeControl "60+0"]
[Result "1-0"]

1. e4 e5 2. Nf3 Nc6 3. Bc4 Bc5 4. c3 Nf6 5. d3 d5 6. exd5 
Nxd5 7. Nbd2 Bxf2+ 8. Kxf2 P@e3+ 9. Kf1 exd2 10. Bxd2 N@e3+ 11. Bxe3 Nxe3+ 
12. Ke2 Nxd1 13. Raxd1 B@h5 14. B@d5 P@e6 15. Bxc6+ bxc6 16. N@e4 Bxf3+ 17. gxf3 
N@f4+ 18. Kd2 Q@e2+ 19. Kc1 Rb8 20. B@a3 B@e7 21. P@c5 Qxf3 22. P@d6 Ne2+ 
23. Kc2 cxd6 24. cxd6 Bxd6 25. Nxd6+ Qxd6 26. Bxd6 N@e3+ 27. Kd2 Nxc4+ 28. dxc4 
B@f4+ 29. Kc2 Qe4+ 30. P@d3 Nd4+ 31. cxd4 Rxb2+ 32. Kxb2 Qxd4+ 33. B@c3 Qxd6 
34. N@b7 Bxb7 35. R@a8+ N@d8 36. N@f6+ gxf6 37. Q@b3 Kd7 38. N@g6 B@a3+ 39. Qxa3 
Qxa3+ 40. Kxa3 P@b4+ 41. Kb3 N@c2 42. Kxc2 
{pminear forfeits on time} 1-0

[Event "fics rated crazyhouse match"]
[Site "fics, Oklahoma City, OK USA"]
[Date "2001.01.15"]
[White "pminear"]
[WhiteElo "2494"]
[Black "RFrancisco"]
[BlackElo "2422"]
[TimeControl "60+0"]
[Result "1-0"]

1. e4 Nf6 2. e5 d5 3. exf6 exf6 4. d4 Nc6 5. Nc3 P@b4 6. Nb5 
a6 7. Qe2+ Be7 8. N@h5 Rg8 9. Nxc7+ Qxc7 10. P@h6 gxh6 11. Nxf6+ Kf8 
12. Bxh6+ P@g7 13. Nxg8 Kxg8 14. R@e8+ N@f8 15. Bxg7 Kxg7 16. P@h6+ Kxh6 17. Nf3 
B@h5 18. Rxe7 Nxe7 19. B@g5+ Kg7 20. P@f6+ Kg8 21. fxe7 P@g7 22. exf8=Q+ Kxf8 
23. P@e7+ Ke8 24. N@g8 R@e6 25. Qxe6 Bxe6 26. R@f8+ Kd7 27. N@e5+ Kd6 28. Rxa8 
Qxc2 29. e8=N# 
{RFrancisco checkmated} 1-0

[Event "fics rated crazyhouse match"]
[Site "fics, Oklahoma City, OK USA"]
[Date "2001.01.15"]
[White "RFrancisco"]
[WhiteElo "2416"]
[Black "pminear"]
[BlackElo "2500"]
[TimeControl "60+0"]
[Result "1-0"]

1. e4 e5 2. Nc3 Nc6 3. Nge2 Bc5 4. d3 Nf6 5. Ng3 d6 6. Be2 
Nd4 7. O-O Nxe2+ 8. Ncxe2 B@h3 9. gxh3 Bxh3 10. N@g5 Bxf1 11. Qxf1 Ng4 
12. B@e3 Bxe3 13. Bxe3 Nxe3 14. fxe3 Qxg5 15. B@h3 Qxe3+ 16. B@f2 N@f3+ 17. Kh1 
Qh6 18. N@f5 Qg5 19. Be3 P@f4 20. Qxf3 fxe3 21. Nxg7+ Qxg7 22. P@d7+ Kd8 
23. N@a5 B@a6 24. Rf1 B@b5 25. Nxb7+ Bxb7 26. P@e7+ Kxe7 27. Qxf7+ Qxf7 28. Rxf7+ 
Kxf7 29. P@e6+ Kg7 30. Q@f7+ Kh6 31. Qf6+ P@g6 32. Nf5+ Kh5 33. Neg3# 
{pminear checkmated} 1-0

[Event "fics rated crazyhouse match"]
[Site "fics, Oklahoma City, OK USA"]
[Date "2001.01.15"]
[White "pminear"]
[WhiteElo "2490"]
[Black "RFrancisco"]
[BlackElo "2426"]
[TimeControl "60+0"]
[Result "1-0"]

1. e4 Nf6 2. e5 d5 3. exf6 exf6 4. d4 Nc6 5. Nf3 P@e4 6. Nh4 
f5 7. N@g5 Be7 8. Nxf7 Kxf7 9. Qh5+ N@g6 10. Nxg6 hxg6 11. Qd1 Be6 
12. P@b5 N@g4 13. bxc6 bxc6 14. Be2 Nxf2 15. N@e5+ Kf8 16. Nxg6+ Kg8 17. Kxf2 
P@h4 18. Nxh8 P@g3+ 19. hxg3 hxg3+ 20. Kf1 P@h2 21. Ng6 Kh7 22. N@e5 Bg5 
23. R@h5+ Bh6 24. N@g5+ Kg8 25. P@h7# 
{RFrancisco checkmated} 1-0

[Event "fics rated crazyhouse match"]
[Site "fics, Oklahoma City, OK USA"]
[Date "2001.01.15"]
[White "RFrancisco"]
[WhiteElo "2419"]
[Black "pminear"]
[BlackElo "2497"]
[TimeControl "60+0"]
[Result "0-1"]

1. c4 d6 2. Nc3 e5 3. d3 Nf6 4. e4 Nc6 5. Nge2 Bg4 6. f3 
Bd7 7. Be3 Be7 8. Ng3 h5 9. Be2 h4 10. Nf5 Bxf5 11. exf5 h3 
12. B@g6 fxg6 13. fxg6 hxg2 14. Rg1 Rxh2 15. Qa4 P@d4 16. Bxd4 exd4 17. P@f7+ 
Kd7 18. P@d5 B@e3 19. dxc6+ bxc6 20. Rxg2 P@d2+ 21. Kd1 Rxg2 22. Qxc6+ Kxc6 
23. P@b5+ Kd7 24. P@c6+ Kc8 25. Nd5 R@c1# 
{RFrancisco resigns} 0-1